 Dungeon Crawl Stone Soup version 0.25-a0-834-g55863b0 (webtiles) character file.

Game seed: 5056536402729292935, levelgen mode: deterministic

11 BlueFish the Magician (level 2, 0/20 HPs)
             Began as a Mummy Wizard on Apr 22, 2020.
             Slain by a gnoll
             ... wielding a +0 halberd
              (7 damage)
             ... on level 1 of the Dungeon.
             The game lasted 00:00:50 (794 turns).

BlueFish the Magician (Mummy Wizard)                 Turns: 794, Time: 00:00:51

Health: 0/20       AC:  2    Str: 10    XL:     2   Next: 17%
Magic:  5/7        EV: 12    Int: 17    God:
Gold:   0          SH:  0    Dex: 10    Spells: 2/9 levels left

rFire    x . .     SeeInvis .   c - +0 short sword
rCold    + . .     Gourm    .   (no shield)
rNeg     + + +     Faith    .   a - +0 robe
rPois    ∞         Spirit   .   b - +0 hat
rElec    .         Reflect  .   (no cloak)
rCorr    .         Harm     .   (no gloves)
MR       .....                  (no boots)
Stlth    ++........             (no amulet)
HPRegen  0.06/turn              (no ring)
MPRegen  0.10/turn              (no ring)

@: no status effects
A: no food or potions, fire vulnerability, cold resistance 1, negative energy
resistance 3, torment resistance, unbreathing
a: no special abilities


You were on level 1 of the Dungeon.
You were not hungry.

You visited 1 branch of the dungeon, and saw 1 of its levels.

Inventory:

Hand Weapons
 c - a +0 short sword (weapon)
Armour
 a - a +0 robe (worn)
 b - a +0 hat (worn)
Scrolls
 d - a scroll of enchant armour {unknown}
 e - a scroll of identify {unknown}


   Skills:
 * Level 0.4 Fighting
 * Level 1.7 Dodging
 * Level 1.5 Stealth
 * Level 4.4 Spellcasting
 + Level 1.0 Conjurations
 + Level 0.7 Summonings
 + Level 0.7 Translocations


You had 2 spell levels left.
You knew the following spells:

 Your Spells              Type           Power        Failure   Level  Hunger
a - Magic Dart            Conj           #...         10%         1    N/A
b - Blink                 Tloc           N/A          17%         2    N/A
c - Call Imp              Summ           #.......     17%         2    N/A
d - Slow                  Hex            #.......     22%         2    N/A

Your spell library contained the following spells:

 Spells                   Type           Power        Failure   Level  Hunger
 Conjure Flame            Conj/Fire      #.......     36%         3    N/A
 Mephitic Cloud           Conj/Pois/Air  #.......     36%         3    N/A

Dungeon Overview and Level Annotations

Branches:
Dungeon (1/15)

Altars:


Innate Abilities, Weirdness & Mutations

You do not eat or drink.
Your flesh is vulnerable to fire.
You are immune to poison.
Your flesh is cold resistant. (rC+)
You are immune to negative energy. (rN+++)
You are immune to unholy pain and torment.
You can survive without breathing.


Message History

Your magical contamination has completely faded away.
You see here a scale mail.
Found a chain mail.
Found a ring mail.
Found a ration.
A gnoll comes into view. It is wielding a +0 halberd.
The gnoll shouts!
You hear an angry hiss.
The gnoll hits you from afar with a +0 halberd!
Found 17 sling bullets.
You are too injured to fight recklessly!
A frilled lizard comes into view.
The frilled lizard hisses angrily.
The gnoll hits you with a +0 halberd.
Found a scroll labeled NIUCAEPNUHE and an inky potion.
Casting: Magic Dart (safe; 10% risk of failure)
Confirm with . or Enter, or press ? or * to list all spells.
A beastly little devil appears in a puff of flame.
The frilled lizard bites you but does no damage.
The gnoll hits you with a +0 halberd!
You die...

# ## .. ?! .## #.
( ..## . ###.#.
...## #. .....
....## #.. ...#
.....####.#####..#
...............lg#
.....###
#...##@###.#
....##
#[..5.....%# ..(##
#...##.##### ..##
#.#.###.# .## #
#.# #.# ## #.# #.#
# #.# #.# #.# #.#
#.# .#


You could see a gnoll, a frilled lizard and a friendly crimson imp.

Vanquished Creatures
  3 bats (D:1)
  2 giant cockroaches (D:1)
  2 kobolds (D:1)
  5 rats (D:1)
12 creatures vanquished.

Notes
Turn   | Place    | Note
-------+----------+-------------------------------------------
     0 | D:1      | BlueFish the Mummy Wizard began the quest for the Orb.
     0 | D:1      | Reached XP level 1. HP: 13/13 MP: 5/5
   356 | D:1      | Reached skill level 1 in Conjurations
   459 | D:1      | Reached XP level 2. HP: 20/20 MP: 4/7
   463 | D:1      | Learned a level 2 spell: Blink
   466 | D:1      | Learned a level 2 spell: Call Imp
   469 | D:1      | Learned a level 2 spell: Slow
   794 | D:1      | Slain by a gnoll

Levels and vault maps discovered:
D:1:      dpeg_arrival_central, layout_loops_ring

Skill      XL: |  1 |
---------------+----+-----
Conjurations   | 1 |  1.0
Fighting       | |  0.4
Dodging        | |  1.7
Stealth        | |  1.5
Spellcasting   | |  4.4
Summonings     | |  0.7
Translocations | |  0.7

Action                   || total
-------------------------++-------
Melee: Unarmed           ||    16
 Cast: Magic Dart        ||    26
       Call Imp          ||     1
Armor: Robe              ||     5
Dodge: Dodged            ||    15

Table legend:
 A = Non-vault XP
 B = Vault XP
 C = Vault XP percentage of total XP
 D = Non-vault monster count
 E = Vault monster count
 F = Vault count percentage of total count
                 A         B        C        D         E       F
            +---------+---------+-------+---------+---------+-------
      Total |      17 |       0 |   0.0 |      12 |       0 |   0.0
            +---------+---------+-------+---------+---------+-------
        D:1 |      17 |       0 |   0.0 |      12 |       0 |   0.0
            +---------+---------+-------+---------+---------+-------
